[Event "*** Titled Tuesday Blitz"]
[Site "Chess.com"]
[Date "2020.11.10"]
[Round "7"]
[White "lider34"]
[Black "Savagelittlemole"]
[Result "1/2-1/2"]
[WhiteElo "2418"]
[BlackElo "2568"]
[TimeControl "180+1"]
[EndTime "11:22:44 PST"]
[Termination "Game drawn by stalemate"]

1. e4 c5 2. c3 Nf6 3. e5 Nd5 4. d4 cxd4 5. Nf3 Nc6 6. Bc4 Nb6 7. Bb3 d6 8. exd6 Qxd6 9. O-O g6 10. Na3 a6 11.
cxd4 Bg7 12. Be3 O-O 13. h3 Bf5 14. d5 Ne5 15. Bf4 Nxf3+ 16. Qxf3 Be5 17. Bxe5 Qxe5 18. Qc3 Qd6 19. Qd4 Rac8 20. Rac1 Rxc1 21. Rxc1 Rc8 22. Rxc8+ Bxc8 23. Nc4 Nxc4 24. Bxc4 b5 25. Bb3 Bb7 26.
Qd1 Qe5 27. Qd2 Kg7 28. f4 Qd6 29. Qd4+ f6 30. Qe4 Kf8 31. Kf2 Qc5+ 32. Qe3 Qxe3+ 33. Kxe3 Ke8 34. Kd4 Kd7 35. Kc5 Kc7 36. a4 bxa4 37. Bxa4 h6 38. b4 Bc8 39. b5 axb5 40. Bxb5 Bd7 41.
Bd3 g5 42. fxg5 hxg5 43. Be4 f5 44. Bd3 f4 45. Be4 Bc8 46. Bd3 Bb7 47. Be4 Ba6 48.
Bf3 Bd3 49. Kd4 Bc2 50. Ke5 Kd7 51. Bg4+ Kd8 52. d6 exd6+ 53. Kxd6 Be4 54. Bf3 Bf5 55. Ke5 Bxh3 56. gxh3 Ke7 57. Kf5 Kf7 58. Kxg5 Kg7 59. Kxf4 Kh8 60. h4 Kg7 61. h5 Kh8 62. Kg5 Kg7 63. h6+ Kh8 64. Kg6 Kg8 65. Kf6 Kh8 66. Be2 Kh7 67. Kg5 Kh8 68. Bd3 Kg8 69. h7+ Kh8 70.
Kh6 1/2-1/2

[Event "*** Titled Tuesday Blitz"]
[Site "Chess.com"]
[Date "2020.11.10"]
[Round "7"]
[White "Vandros57"]
[Black "WiktoriaPOL"]
[Result "0-1"]
[WhiteElo "2184"]
[BlackElo "2101"]
[TimeControl "180+1"]
[EndTime "11:22:45 PST"]
[Termination "WiktoriaPOL won on time"]

1. d4 Nf6 2. Nf3 g6 3. c4 Bg7 4. Nc3 O-O 5. e4 d6 6. Be2 e5 7. dxe5 dxe5 8. Qxd8 Rxd8 9. Bg5 Re8 10. O-O-O c6 11.
Nxe5 Nxe4 12. Nxe4 Bxe5 13. Nf6+ Bxf6 14. Bxf6 Nd7 15.
Rxd7 Bxd7 16. Bf3 Re6 17. Bc3 Rae8 18. h4 h5 19. Rd1 Bc8 20. b4 R6e7 21. Kc2 Bf5+ 22.
Kb3 Rd7 23. Rc1 Bg4 24. Bxg4 hxg4 25. Rc2 f5 26. g3 Rd3 27. c5 Re4 28. a4 a6 29. Rd2 Rxd2 30. Bxd2 Re2 31. Be3 Kf7 32.
Kc4 Ke6 33. b5 axb5+ 34. axb5 cxb5+ 35. Kxb5 Rb2+ 36. Kc4 Ke5 37. Kd3 Rb3+ 38. Kc4 Rb1 39. Kd3 Kd5 40. Kc3 Rb5 41. Kd3 Rxc5 42. Bxc5 Kxc5 43.
Ke3 b5 44. Kf4 b4 45. Kg5 b3 46. Kxg6 b2 47. h5 b1=Q 48. h6 Qb8 49. h7 Qh8 50.
Kxf5 Qxh7+ 51. Kxg4 Qg6+ 52. Kf4 Qf6+ 53. Kg4 Qxf2 0-1

[Event "*** Titled Tuesday Blitz"]
[Site "Chess.com"]
[Date "2020.11.10"]
[Round "7"]
[White "Tashik"]
[Black "kamilianin235"]
[Result "1/2-1/2"]
[WhiteElo "2461"]
[BlackElo "2191"]
[TimeControl "180+1"]
[EndTime "11:22:46 PST"]
[Termination "Game drawn by repetition"]

1. c4 e5 2. Nc3 Nf6 3. Nf3 Nc6 4.
e4 g6 5. d4 exd4 6. Nxd4 d6 7.
Nxc6 bxc6 8. g3 Bg7 9. Bg2 O-O 10.
O-O Be6 11. Qa4 Nd7 12. Be3 Ne5 13. b3 Nxc4 14. bxc4 Bxc3 15. Rac1 Bg7 16. Qxc6 Rb8 17. Rc2 Qe7 18. Bxa7 Ra8 19. Qb7 Qd7 20. Rfc1 Qa4 21.
Be3 Rfc8 22. Qb3 Qxb3 23. axb3 Rcb8 24. e5 Ra3 25. exd6 cxd6 26. Bf4 Raxb3 27. Bxd6 Rc8 28.
c5 Bf8 29. h4 Bxd6 30. cxd6 Rxc2 31. Rxc2 Rd3 32. Rc6 Bd7 33. Rb6 Kg7 34. Be4 Rd4 35. Bf3 Kf6 36. Kg2 Ke5 37. Ra6 Rxd6 38. Rxd6 Kxd6 39.
Be4 Bc6 40. Bxc6 Kxc6 41. Kf3 Kd6 42. Kf4 f6 43. Ke4 Ke6 44. f4 f5+ 45. Kd4 Kd6 46. Kc4 Kc6 47. Kd4 Kd6 48. Kc4 Kc6 49. Kd4 Kd6 1/2-1/2

[Event "*** Titled Tuesday Blitz"]
[Site "Chess.com"]
[Date "2020.11.10"]
[Round "7"]
[White "ExtremeLearner"]
[Black "AliKa2810"]
[Result "1/2-1/2"]
[WhiteElo "2408"]
[BlackElo "2565"]
[TimeControl "180+1"]
[EndTime "11:22:47 PST"]
[Termination "Game drawn by repetition"]

1. d4 d5 2. Nf3 c6 3. g3 Bf5 4. Bg2 e6 5. c4 Nf6 6. Nc3 h6 7. Qb3 Qb6 8. c5 Qc7 9. Bf4 Qc8 10. O-O Nbd7 11. h3 Be7 12. Qa4 O-O 13. b4 a6 14. Qb3 Bd8 15. a4 Bc7 16. b5 Bxf4 17. gxf4 Ne4 18. Nxe4 Bxe4 19. e3 f6 20.
Ne1 Bxg2 21. Nxg2 e5 22. Qc3 Qe8 23. bxc6 bxc6 24. Rab1 Qg6 25. Kh2 exd4 26. Qxd4 Rab8 27. Rxb8 Rxb8 28. Rg1 Qc2 29. Rf1 Nxc5 30. Ne1 Qe2 31.
Rg1 Qxf2+ 32. Rg2 Qxe1 33. Qxc5 Rb1 34. Qxc6 Qh1+ 35. Kg3 Qe1+ 36. Kh2 Qh1+ 37. Kg3 Rd1 38. Qc8+ Kf7 39. Qd7+ Kf8 40. Qd8+ Kf7 41. Qd7+ Kg8 42. Qc8+ Kh7 43. Qf5+ Kh8 44. Qc8+ Kh7 45. Qf5+ Kh8 46.
Qc8+ Kh7 1/2-1/2

[Event "*** Titled Tuesday Blitz"]
[Site "Chess.com"]
[Date "2020.11.10"]
[Round "7"]
[White "vladimirssvesnikovs"]
[Black "No_t_ime_to_die"]
[Result "1-0"]
[WhiteElo "2323"]
[BlackElo "2472"]
[TimeControl "180+1"]
[EndTime "11:22:47 PST"]
[Termination "vladimirssvesnikovs won by resignation"]

1. e4 c5 2. c3 Nf6 3. e5 Nd5 4. Nf3 Nc6 5. Bc4 Nb6 6. Bb3 d5 7. exd6 Qxd6 8. Na3 Be6 9. d4 cxd4 10. Nb5 Qd7 11.
Bxe6 Qxe6+ 12. Be3 Qd7 13. Nbxd4 e6 14. O-O Be7 15. Nxc6 Qxc6 16. Nd4 Qd7 17. Qh5 O-O 18. Rfd1 Nd5 19. Bg5 g6 20. Qh4 Bxg5 21. Qxg5 Rfd8 22. Nf3 Qc7 23. g3 Kg7 24. Rd4 Nf6 25. Rad1 Rxd4 26. Rxd4 Rd8 27. Rf4 Nd5 28. Rd4 Nf6 29. Rxd8 Qxd8 30.
Kg2 Qd6 31. c4 Qc6 32. b3 Ne4 33. Qe3 b6 34. h4 f5 35. Qd4+ Kh6 36. Ne5 Qc7 37.
f3 Nf6 38. g4 fxg4 39. fxg4 Qb7+ 40. Nf3 Ne4 41. Qe5 Nc5 42. Kg3 Qe4 43. Qf6 Nd7 44.
Qg5+ Kg7 45. Qe7+ Kg8 46. Qxd7 Qe2 47. Qe8+ Kg7 48. Qe7+ Kg8 49. h5 e5 50. Qe6+ Kg7 51.
Qxe5+ 1-0

[Event "*** Titled Tuesday Blitz"]
[Site "Chess.com"]
[Date "2020.11.10"]
[Round "7"]
[White "Blitzking642"]
[Black "yourstrulyme"]
[Result "1-0"]
[WhiteElo "2289"]
[BlackElo "2380"]
[TimeControl "180+1"]
[EndTime "11:22:47 PST"]
[Termination "Blitzking642 won on time"]

1. e4 Nf6 2. Nc3 d5 3. e5 d4 4.
exf6 dxc3 5. fxg7 cxd2+ 6. Bxd2 Bxg7 7. Qf3 O-O 8. O-O-O Nc6 9. Bc3 Qe8 10. Bxg7 Kxg7 11.
Qg3+ Kh8 12. Qxc7 Bf5 13. Bd3 Rc8 14. Qxb7 Rb8 15. Qc7 Bxd3 16. Rxd3 Nb4 17. Rg3 Qa4 18.
Ra3 Nxa2+ 19. Kd1 Qd4+ 20. Rd3 Qxf2 21. Ne2 Rxb2 22. Qxe7 Rbb8 23. Qe5+ f6 24. Qg3 Qxg3 25. Nxg3 Rb1+ 26. Kd2 Rxh1 27. Nxh1 Nb4 28. Rd7 Nc6 29. Rc7 Rd8+ 30. Kc3 Nd4 31. Kc4 a5 32. c3 Nf5 33.
Ra7 Ne3+ 34. Kc5 Rc8+ 35. Kd4 Nxg2 36. c4 Nf4 37. Rxa5 Ne6+ 38. Kd5 Nf4+ 39. Kd4 Ne6+ 40.
Kc3 Kg7 41. Ng3 Kg6 42. Ne4 f5 43. Nd6 Rc6 44. Nb7 f4 45. c5 f3 46. Kc4 1-0

[Event "*** Titled Tuesday Blitz"]
[Site "Chess.com"]
[Date "2020.11.10"]
[Round "7"]
[White "PavelShkapenko"]
[Black "Unknown_IM"]
[Result "1-0"]
[WhiteElo "2667"]
[BlackElo "2383"]
[TimeControl "180+1"]
[EndTime "11:22:49 PST"]
[Termination "PavelShkapenko won by checkmate"]

1. e4 e5 2. Nf3 Nc6 3. Bc4 Bc5 4. c3 Nf6 5. d4 exd4 6. cxd4 Bb4+ 7. Bd2 Nxe4 8. Bxb4 Nxb4 9. Bxf7+ Kxf7 10. Qb3+ Kf8 11. Qxb4+ Qe7 12. Qxe7+ Kxe7 13. O-O Nf6 14. Nc3 d6 15.
Rfe1+ Kd8 16. d5 Rf8 17. Nd4 Bd7 18. f3 Re8 19. h4 Re7 20. g4 h6 21. g5 hxg5 22. hxg5 Nh5 23. Kf2 Nf4 24. Kg3 Ng6 25. f4 Ke8 26. Ne6 Bxe6 27. dxe6 c6 28. f5 Ne5 29. Rh1 Kd8 30. Rh8+ Re8 31. Rah1 Kc7 32. Rxe8 Rxe8 33. Rh7 d5 34. Rxg7+ Kd6 35. Rxb7 Nd3 36.
g6 Ke5 37. Rf7 d4 38. Ne2 Nc5 39. Nxd4 Ne4+ 40. Kg4 Kxd4 41. e7 Ke5 42. g7 Nf6+ 43.
Kg5 Rg8 44. Kg6 Ne8 45. f6 Ke6 46. Rf8 Nxf6 47. Rxg8 Kxe7 48. Rf8 Nd7 49. Rf7+ Kd6 50. Rxd7+ Kxd7 51. g8=Q Kc7 52. Qc4 Kb6 53. Kf6 a6 54. Ke6 Ka5 55. Qc5+ Ka4 56. b3# 1-0

[Event "*** Titled Tuesday Blitz"]
[Site "Chess.com"]
[Date "2020.11.10"]
[Round "7"]
[White "KaterinaMiroshnik"]
[Black "karwowskikacper"]
[Result "1-0"]
[WhiteElo "2561"]
[BlackElo "2428"]
[TimeControl "180+1"]
[EndTime "11:22:49 PST"]
[Termination "KaterinaMiroshnik won on time"]

1. d4 Nf6 2. Nf3 g6 3. c3 Bg7 4.
Nbd2 O-O 5. e4 d6 6. Bd3 e5 7. O-O Nc6 8. a4 exd4 9. cxd4 Re8 10. Re1 d5 11. e5 Ne4 12. Nxe4 dxe4 13. Bxe4 Bg4 14.
Be3 f5 15. Bxc6 bxc6 16. h3 Bh5 17. Qb3+ Kh8 18. Ng5 Qd5 19. Qxd5 cxd5 20. Rec1 Re7 21. h4 Rc8 22. Rc5 Rd7 23. Ne6 Be2 24. Rac1 Bc4 25. Rc3 Rb8 26. Rxc7 Rxc7 27. Nxc7 Rxb2 28. e6 Bf6 29.
Bf4 Kg7 30. Bd6 Bxd4 31. e7 Re2 32. Re3 Bxe3 33. Be5+ Kh6 34. fxe3 Re1+ 35. Kh2 d4 36.
e8=Q dxe3 37. Bf4+ Kh5 38. Qe7 h6 39. Ne6 Bxe6 40.
Qxe6 Kg4 41. Qxg6+ Kxf4 42. Qg3+ Ke4 43. Qxe1 f4 44. Kg1 Kd3 45. Kf1 h5 46. Qe2+ Kd4 47.
Qxh5 Kd3 48. Qf3 Kd2 49. h5 a5 50. h6 Kc1 51. Qxf4 Kd1 52. Qxe3 Kc2 53. h7 Kb1 54.
h8=Q Ka2 55. Qhc3 1-0

[Event "*** Titled Tuesday Blitz"]
[Site "Chess.com"]
[Date "2020.11.10"]
[Round "7"]
[White "IwkooO"]
[Black "Guenplen"]
[Result "0-1"]
[WhiteElo "2623"]
[BlackElo "2879"]
[TimeControl "180+1"]
[EndTime "11:22:50 PST"]
[Termination "Guenplen won by resignation"]

1. e4 c5 2. Nf3 e6 3. d4 cxd4 4.
Nxd4 Nf6 5. Nc3 Nc6 6. Ndb5 Bc5 7. Nd6+ Ke7 8. Bf4 e5 9. Nf5+ Kf8 10. Be3 Bb4 11.
a3 Bxc3+ 12. bxc3 d5 13. Bc5+ Kg8 14. exd5 Bxf5 15. dxc6 bxc6 16. Bd3 Bxd3 17. cxd3 Qd5 18. Be3 Qxg2 19. Kd2 h6 20. Rg1 Qd5 21. c4 Qa5+ 22. Ke2 Kh7 23. Qc2 Rhe8 24. Rab1 Rab8 25. Rb3 Rxb3 26.
Qxb3 e4 27. d4 Qh5+ 28. Kd2 Qxh2 29. Rg3 Nh5 30. Qb7 Nxg3 31. Qxf7 Qh5 32. Qf4 Qe2+ 33. Kc3 Qe1+ 34. Kc2 Qe2+ 35. Kc3 Qf3 36. Kb4 Qxf4 37. Bxf4 Ne2 38. Be3 h5 39. Kc5 h4 40. Kxc6 h3 41.
Kd7 Rf8 42. d5 h2 43. Bc5 Rf7+ 44. Ke6 Rf6+ 45. Ke7 h1=Q 46. d6 Qh3 47. d7 Qe6+ 48. Kd8 Rf7 0-1

[Event "*** Titled Tuesday Blitz"]
[Site "Chess.com"]
[Date "2020.11.10"]
[Round "7"]
[White "bascheyaro"]
[Black "Happy1712Drummer"]
[Result "0-1"]
[WhiteElo "2734"]
[BlackElo "2239"]
[TimeControl "180+1"]
[EndTime "11:22:51 PST"]
[Termination "Happy1712Drummer won by resignation"]

1. d4 Nf6 2. Nc3 e6 3. e4 d5 4. e5 Nfd7 5. f4 c5 6. Nf3 Nc6 7. Bd3 Be7 8. O-O cxd4 9. Ne2 Nb4 10. Nexd4 Nxd3 11. cxd3 O-O 12. f5 exf5 13. Nxf5 Nc5 14. N3d4 g6 15. Nxe7+ Qxe7 16. Nf3 Bg4 17. d4 Ne6 18. Be3 f5 19. h3 Bxf3 20. Qxf3 Qd7 21. Rac1 Rac8 22. Bh6 Rfe8 23. Rxc8 Rxc8 24. g4 f4 25. Qd3 g5 26. h4 Qa4 27. Qf5 Qxd4+ 28. Kh1 Qe4+ 29. Kg1 Qe3+ 30. Kh1 Qh3+ 31. Kg1 Qg3+ 32.
Kh1 Qxh4+ 33. Kg1 Qxh6 34. Rd1 Qg6 35. Rxd5 Qxf5 36. gxf5 Ng7 37. f6 Ne6 38. Rd6 Re8 39.
Rd7 Nd8 40. e6 Rxe6 41. Rxd8+ Kf7 42. Rd7+ Kxf6 43. Rxb7 Re7 44. Rb5 Re2 45. a4 h5 46.
a5 g4 47. Rxh5 g3 48. Rh8 Rxb2 49. a6 Ra2 50. Kf1 Kg5 51. Rh2 gxh2 0-1

[Event "*** Titled Tuesday Blitz"]
[Site "Chess.com"]
[Date "2020.11.10"]
[Round "7"]
[White "vladgoncharov"]
[Black "SergeyShtyka"]
[Result "1-0"]
[WhiteElo "2469"]
[BlackElo "2362"]
[TimeControl "180+1"]
[EndTime "11:22:51 PST"]
[Termination "vladgoncharov won on time"]

1. d4 c5 2. d5 e5 3. e4 d6 4. h3 Be7 5. Nf3 Nf6 6. Nc3 O-O 7. g4 a6 8. a4 Nbd7 9. Be3 Ne8 10. Bd3 g6 11. Qd2 Ng7 12. Bh6 Nf6 13. a5 Bd7 14.
b3 b5 15. axb6 Qxb6 16. O-O Bb5 17. Ra2 c4 18. bxc4 Bd7 19. Be3 Qc7 20. c5 dxc5 21. Bc4 h5 22. g5 Nfe8 23. h4 Bg4 24. Nh2 Bh3 25. Rfa1 Nd6 26. Bxa6 c4 27. Nb5 Nxb5 28. Bxb5 Rxa2 29. Rxa2 f6 30. Ra7 Qd6 31. Bxc4 fxg5 32. Ra6 Qb8 33. d6+ Kh7 34. dxe7 Qb1+ 35. Bf1 Re8 36.
Qc1 Qb7 37. Bxg5 Bxf1 38. Qxf1 Ne6 39. Rxe6 Qxe4 40. Qd3 Qf5 41. Qxf5 gxf5 42. Rxe5 Kg6 43. Nf3 f4 44. Nd4 f3 45. Nb5 Kh7 46. Nd6 Rg8 47.
e8=Q Rg6 48. Qf7+ Kh8 49. Re8+ 1-0

[Event "*** Titled Tuesday Blitz"]
[Site "Chess.com"]
[Date "2020.11.10"]
[Round "7"]
[White "DrVelja"]
[Black "MrChampion_Coach"]
[Result "1-0"]
[WhiteElo "2762"]
[BlackElo "2523"]
[TimeControl "180+1"]
[EndTime "11:22:52 PST"]
[Termination "DrVelja won on time"]

1. e4 c5 2. Nf3 d6 3. d4 cxd4 4. Nxd4 Nf6 5. Nc3 a6 6. Be2 e5 7. Nf3 Be7 8. Bg5 Be6 9. Bxf6 Bxf6 10. Qd2 O-O 11. Nd5 Nd7 12. O-O Rc8 13. c3 Rc5 14. Ne3 Be7 15. Bd1 Nf6 16. Qd3 Qb6 17. b4 Rc7 18.
Bb3 Rfc8 19. Rac1 h6 20. a4 Nh5 21. a5 Qa7 22. Bxe6 fxe6 23. Qd2 Nf4 24. g3 Nh5 25. Qa2 Kf7 26. Qb3 Nf6 27. Nd2 b5 28. axb6 Qxb6 29. Nf5 d5 30. Nxe7 Rxe7 31. c4 dxe4 32. Rfe1 Rd8 33.
Nxe4 Rd4 34. Nc5 a5 35. Rxe5 axb4 36. Rce1 Qd6 37. Nxe6 Re4 38. c5 Qd3 39. Ng5+ 1-0

[Event "*** Titled Tuesday Blitz"]
[Site "Chess.com"]
[Date "2020.11.10"]
[Round "7"]
[White "Grieve72"]
[Black "PriSachu"]
[Result "1-0"]
[WhiteElo "2390"]
[BlackElo "2506"]
[TimeControl "180+1"]
[EndTime "11:22:52 PST"]
[Termination "Grieve72 won by resignation"]

1. d4 Nf6 2. Bg5 g6 3. Bxf6 exf6 4. e3 b6 5. c4 Bb7 6. Nc3 Bg7 7. h4 h5 8. Nh3 d6 9. Nf4 Nd7 10. Bd3 f5 11.
Qc2 Nf6 12. f3 Qd7 13. O-O-O O-O-O 14. d5 Rhe8 15. Rhe1 Bh6 16. Nb5 Kb8 17. g3 Qc8 18. Nd4 Nd7 19. b4 Ne5 20. Kb2 Bg7 21. Kb3 Qd7 22. a4 Ka8 23. b5 a5 24. bxa6 Bxa6 25.
Ra1 Rb8 26. Reb1 c5 27. dxc6 Nxc6 28. Nxc6 Qxc6 29. Nd5 Qc5 30. Ra2 Bb7 31. e4 Rec8 32.
Qd2 Bxd5 33. exd5 Re8 34. Re1 Qd4 35. Rxe8 Rxe8 36. a5 b5 37. cxb5 Re3 38. Kc2 Rxf3 39. b6 Rf2 40. Be2 Qc4+ 41. Kd1 Bc3 42. b7+ Kb8 43.
Bxc4 Bxd2 44. Rxd2 Rf3 45. a6 Rxg3 46. Ra2 Ka7 47. Rb2 1-0

[Event "*** Titled Tuesday Blitz"]
[Site "Chess.com"]
[Date "2020.11.10"]
[Round "7"]
[White "Praslov"]
[Black "PattyCastillo"]
[Result "1-0"]
[WhiteElo "2399"]
[BlackElo "1972"]
[TimeControl "180+1"]
[EndTime "11:22:53 PST"]
[Termination "Praslov won by resignation"]

1. d4 d5 2. c4 c6 3. cxd5 cxd5 4. Nc3 Nf6 5. Bf4 e6 6. e3 Bd6 7. Bxd6 Qxd6 8. f4 O-O 9. Nf3 Nc6 10. Bd3 b6 11. O-O Bb7 12. Rc1 Rac8 13. Ne5 a6 14. g4 Nb4 15. Bb1 Ne4 16. g5 f6 17. gxf6 Rxf6 18.
Kh1 Rcf8 19. Nxe4 dxe4 20. Rg1 Rxf4 21. exf4 e3+ 22. Rg2 Rxf4 23. Qh5 Bxg2+ 24. Kxg2 Rf2+ 25. Kg1 Qd8 26. Qxh7+ Kf8 27. Qh8+ Ke7 28. Qxg7+ Kd6 29. Nf7+ Rxf7 30. Qxf7 Qg5+ 31. Kf1 e2+ 32. Kxe2 Qxc1 33.
Qf8+ Kd5 34. Qxb4 Qxb1 35. Qb3+ Kxd4 36. Qxb6+ Ke5 37. Qe3+ Kf6 38. Qd4+ e5 39. Qd6+ Kf5 40. Qd7+ Kf4 41. Qf7+ Kg5 42. Qg7+ Kf4 43. Qh6+ Kg4 44. Qe6+ Kf4 45. Qf6+ Kg4 46. Qf3+ Kg5 47. Qe3+ Kf6 48. Qf3+ Kg5 49. Qg3+ Kf6 50. Qf2+ Kg5 51. Qg2+ Kf6 52.
Qf1+ Qxf1+ 53. Kxf1 Kf5 54. Ke2 Kf4 55. b4 e4 56. a4 e3 57. b5 axb5 1-0

[Event "*** Titled Tuesday Blitz"]
[Site "Chess.com"]
[Date "2020.11.10"]
[Round "7"]
[White "dropstoneDP"]
[Black "ChessWarrior7197"]
[Result "1-0"]
[WhiteElo "2940"]
[BlackElo "3007"]
[TimeControl "180+1"]
[EndTime "11:22:54 PST"]
[Termination "dropstoneDP won on time"]

1. e4 c6 2. d4 d5 3. e5 Bf5 4. c4 e6 5. Nc3 Bb4 6. cxd5 cxd5 7. h4 h6 8. g4 Bh7 9. h5 Nc6 10. Bd3 Bxd3 11. Qxd3 Qb6 12. Ne2 Nge7 13. f4 Kd7 14. Bd2 Qa6 15. Qxa6 bxa6 16. Na4 Rhb8 17.
Rc1 Kd8 18. b3 a5 19. Rh3 Rc8 20. Kd1 Rc7 21. Nc5 Rac8 22. Na6 Rb7 23. Nxb4 axb4 24. Rc5 Kd7 25. Rh2 a5 26. Rf2 f5 27. g5 Rh8 28.
g6 Ra8 29. Be3 a4 30. Nc1 axb3 31. Nxb3 Rba7 32. Rcc2 Nd8 33. Kc1 Nc8 34. Bd2 Rxa2 35.
Bxb4 Rxc2+ 36. Rxc2 Nb6 37. Bf8 Nc4 38. Bxg7 Ra3 39.
Nc5+ Ke8 40. Rxc4 dxc4 41. Bxh6 Nc6 42. Nxe6 c3 43. Bf8 Ra2 44. g7 Rg2 45. h6 Na5 46.
Nc5 Nc6 47. Nb3 1-0

[Event "*** Titled Tuesday Blitz"]
[Site "Chess.com"]
[Date "2020.11.10"]
[Round "7"]
[White "Shushik"]
[Black "IMprovidence"]
[Result "0-1"]
[WhiteElo "2239"]
[BlackElo "2391"]
[TimeControl "180+1"]
[EndTime "11:22:55 PST"]
[Termination "IMprovidence won by checkmate"]

1. e4 e5 2. Nf3 Nc6 3. Bc4 Bc5 4.
c3 Qe7 5. O-O d6 6. d4 Bb6 7. a4 a6 8. Ng5 Nh6 9. Qh5 exd4 10. h3 Bd7 11. Nf3 Ne5 12. Bxh6 gxh6 13. Nxe5 dxe5 14. Qxh6 O-O-O 15. a5 Ba7 16. Ra3 Rdg8 17.
Rb3 Rg6 18. Qh5 Rhg8 19. g3 Qg5 20. Qxg5 Rxg5 21. Bxf7 R8g7 22. Bd5 dxc3 23. Bxb7+ Kd8 24. Kg2 c2 25. Na3 Rh5 26. Nxc2 Bxh3+ 27. Kg1 Bxf1 28. Kxf1 Rh2 29. Ne3 Bxe3 30. Rxe3 Rf7 31. Re2 Rh1+ 32. Kg2 Ra1 33. Bxa6 Rxa5 34. Bc4 Rd7 35. Bd5 Ra6 36. b4 c6 37. Bc4 Rb6 38. Rb2 Rd4 39. Bg8 h6 40. f4 exf4 41. gxf4 Rxe4 42. f5 Rexb4 43. Rd2+ Ke7 44. Bh7 Kf6 45. Rd6+ Kg5 46. Rg6+ Kxf5 47. Rxc6+ Ke5 48. Rc5+ Kd4 49. Rh5 Rb2+ 50. Kf3 R2b3+ 51.
Kf4 R3b5 52. Rh3 Rf6+ 53. Kg4 Rg5+ 54. Kh4 Rf4# 0-1

[Event "*** Titled Tuesday Blitz"]
[Site "Chess.com"]
[Date "2020.11.10"]
[Round "7"]
[White "sm_sharon"]
[Black "GMJustin"]
[Result "1-0"]
[WhiteElo "2154"]
[BlackElo "2317"]
[TimeControl "180+1"]
[EndTime "11:22:55 PST"]
[Termination "sm_sharon won on time"]

1. e4 c5 2. Nf3 Nc6 3. g3 Nf6 4. Qe2 e5 5. Bg2 Be7 6. O-O O-O 7. c3 d5 8. d3 d4 9. c4 Ne8 10. Na3 a6 11. Nc2 b5 12. b3 Nd6 13. Bd2 Rb8 14. Nfe1 Qb6 15. f4 f5 16. exf5 Rxf5 17. Bd5+ Kh8 18. fxe5 Rxe5 19. Qf3 Be6 20. Bxc6 Rf8 21. Qxf8+ Bxf8 22. Rxf8+ Bg8 23. Bd5 Rxd5 24. cxd5 c4 25. bxc4 bxc4 26. dxc4 d3+ 27. Ne3 Nxc4 28. Nxd3 Nxd2 29. Kf2 Nc4 30. Re1 h6 31. Kf3 Nxe3 32.
Rxe3 Kh7 33. Nf4 Qd4 34. Ree8 Bxd5+ 35. Nxd5 Qxd5+ 36. Kf2 Qxa2+ 37. Re2 Qc4 38. Rfe8 a5 39. R8e4 Qc5+ 40. Kg2 Qb5 41. Ra2 Qc6 42. Ra4 Qd5 43. g4 h5 44. gxh5 Kh6 45. Kg3 Qd3+ 46. Kg2 Qd2+ 47. Kg3 Kxh5 48. Rh4+ Kg5 49. Rhg4+ Kf5 50. Raf4+ Ke5 51. Re4+ Kd5 52. Re7 Qd3+ 53. Kh4 Qf1 54.
Rgxg7 Qf2+ 55. Kh3 Qf3+ 56. Kh4 Qf4+ 57. Kh5 Qf3+ 58.
Kg6 Qg2+ 59. Kf7 Qxh2 60. Rg5+ Kc6 61. Rg6+ Kb5 62. Rg5+ 1-0

[Event "*** Titled Tuesday Blitz"]
[Site "Chess.com"]
[Date "2020.11.10"]
[Round "7"]
[White "shnitez"]
[Black "jens1102"]
[Result "1-0"]
[WhiteElo "2528"]
[BlackElo "2379"]
[TimeControl "180+1"]
[EndTime "11:22:56 PST"]
[Termination "shnitez won by checkmate"]

1. e4 e5 2. Nf3 Nc6 3. Bc4 Bc5 4. c3 Nf6 5. d3 O-O 6. O-O d6 7. Bg5 a5 8. Nbd2 h6 9. Bh4 Be6 10. Bb5 Bb6 11. a3 g5 12. Nxg5 hxg5 13. Bxg5 Kg7 14.
Qf3 Kg6 15. h4 Rh8 16. d4 exd4 17. Bxc6 bxc6 18. e5 Bd5 19. Qd3+ Kh5 20. Bxf6 Qd7 21. c4 Bxg2 22. Kxg2 Rhg8+ 23. Kh1 Rg6 24. Rg1 Rag8 25. Qf3+ Kh6 26. Ne4 dxe5 27. Bxe5 Rxg1+ 28. Rxg1 Rxg1+ 29. Kxg1 f5 30. Qf4+ Kg6 31. Qg5+ Kf7 32. Qf6+ Ke8 33. Qh8+ Ke7 34. Ng5 Qe8 35. Qf6+ Kd7 36. Bxd4 Bxd4 37. Qxd4+ Kc8 38. Qf4 Qe1+ 39. Kg2 Qb1 40. h5 a4 41. h6 Qxb2 42. Qxf5+ Kb7 43. h7 Qg7 44. f4 Qb2+ 45.
Kh1 Qa1+ 46. Kh2 Qb2+ 47. Kh3 Qxa3+ 48. Kh4 Qc1 49. h8=Q Qe1+ 50. Kh5 a3 51. Qd4 Qh1+ 52. Kg6 Qb1 53. Qxb1+ Ka6 54. Qc5 a2 55. Qa3# 1-0

[Event "*** Titled Tuesday Blitz"]
[Site "Chess.com"]
[Date "2020.11.10"]
[Round "7"]
[White "LubovMarkelova"]
[Black "profofchess"]
[Result "0-1"]
[WhiteElo "2216"]
[BlackElo "2419"]
[TimeControl "180+1"]
[EndTime "11:22:56 PST"]
[Termination "profofchess won by resignation"]

1. Nf3 Nc6 2. d4 d5 3. e3 Bg4 4. Bb5 e6 5. c4 Bb4+ 6. Bd2 Bxd2+ 7. Nbxd2 Ne7 8. O-O O-O 9. cxd5 exd5 10. Rc1 Qd6 11. h3 Bh5 12. Qb3 Nd8 13. Ne5 Ne6 14. f4 f6 15. Nd7 Rfd8 16. Nc5 Nxc5 17. Rxc5 c6 18. Bd3 b6 19. Rc2 c5 20. dxc5 bxc5 21.
Ne4 Qe6 22. Nxc5 Qxe3+ 23. Kh1 Kh8 24. Ba6 Qxb3 25. axb3 Nf5 26. Re1 Re8 27. Rxe8+ Bxe8 28. Ne6 Bf7 29. Nc7 Rd8 30. Rd2 Ng3+ 31. Kh2 Ne4 32. Rd4 Nc5 33. Be2 Nxb3 34. Rd1 d4 35. Bf3 d3 36.
Nb5 d2 37. Nc3 Bg6 38. Rf1 Bc2 39. Bd1 Bxd1 40. Rxd1 Kg8 41. Ne4 Kf7 42. Kg3 a5 43.
Kf2 Ke6 44. Ke2 Kf5 45. Nxd2 Nxd2 46. Rxd2 Rxd2+ 47. Kxd2 Kxf4 48. Kc3 Kg3 49. Kc4 Kxg2 50. Kb5 f5 51. Kxa5 f4 52. b4 f3 53. b5 f2 54. b6 f1=Q 55. b7 Qa1+ 56. Kb6 Qb1+ 57. Kc7 Qxb7+ 58. Kxb7 Kxh3 59. Kc7 g5 0-1

[Event "*** Titled Tuesday Blitz"]
[Site "Chess.com"]
[Date "2020.11.10"]
[Round "7"]
[White "lucachess49"]
[Black "Grineva_Marianna"]
[Result "1-0"]
[WhiteElo "2360"]
[BlackElo "2232"]
[TimeControl "180+1"]
[EndTime "11:22:58 PST"]
[Termination "lucachess49 won by checkmate"]

1. d4 f5 2. c4 Nf6 3. Nc3 g6 4. Nf3 Bg7 5. g3 d6 6. Bg2 O-O 7.
O-O Qe8 8. Re1 Qf7 9. Qb3 h6 10. d5 Na6 11. Nd4 Nc5 12. Qc2 Nfe4 13. Nxe4 Bxd4 14. Nxc5 Bxc5 15. Bxh6 Bd7 16. a3 Qf6 17. Bxf8 Rxf8 18. e3 a5 19. b4 axb4 20. axb4 Bxb4 21.
Reb1 c5 22. dxc6 Bxc6 23. Ra7 Bc5 24. Ra2 e5 25. Bxc6 bxc6 26. Ra6 f4 27. exf4 exf4 28. Rf1 fxg3 29. hxg3 Rf7 30. Rxc6 Kg7 31. Qe4 Qg5 32. Kg2 Re7 33. Qd5 Qf6 34. Rc8 Rf7 35. f4 Qb2+ 36.
Kh3 Qe2 37. Qf3 Qe6+ 38. Qg4 Qf6 39. Re8 Qc3 40. Re6 Rf6 41. Rxf6 Qxf6 42. Re1 Qf7 43. Re6 Bf2 44. Qe2 Qf5+ 45. g4 Qc5 46. Re7+ Kg8 47. Qe6+ Kh8 48. Re8+ Kh7 49. Qe7+ Kh6 50. g5+ Kh5 51.
Rh8# 1-0

[Event "*** Titled Tuesday Blitz"]
[Site "Chess.com"]
[Date "2020.11.10"]
[Round "7"]
[White "Gabrielian_Artur"]
[Black "Orest_Vovk"]
[Result "0-1"]
[WhiteElo "2769"]
[BlackElo "2597"]
[TimeControl "180+1"]
[EndTime "11:22:59 PST"]
[Termination "Orest_Vovk won by resignation"]

1. e4 Nc6 2. Nc3 Nf6 3. d4 e5 4. dxe5 Nxe5 5. Nf3 Nxf3+ 6. Qxf3 Bb4 7. Bd2 d6 8. a3 Ba5 9. Bd3 O-O 10. O-O Ng4 11. Qg3 Ne5 12. Rad1 Nxd3 13. cxd3 Bxc3 14. Bxc3 f6 15.
f4 Be6 16. f5 Bb3 17. Rde1 Qe7 18. Rf4 Rae8 19. Rh4 Kh8 20. Qh3 Bg8 21. Re3 d5 22. e5 fxe5 23. Bxe5 Qxe5 24. Rxe5 Rxe5 25. Rf4 c5 26. Qf3 Rf6 27. Qf2 d4 28. g4 Bd5 29. g5 Rf8 30. h4 Rfe8 31. Kf1 Re3 32. f6 Rh3 33. Re4 Bxe4 34. dxe4 Re3 35. f7 Rf8 36. Qf5 d3 37. Kf2 d2 38. Qd5 Rxe4 39. Qxd2 Re7 40. Kg3 Rexf7 41. Qd5 Rf3+ 42. Qxf3 Rxf3+ 43. Kxf3 Kg8 44. Ke4 Kf7 45. Kd5 Kg6 46. Kxc5 Kh5 47.
Kd6 Kxh4 48. Kc7 Kxg5 49. Kxb7 h5 50. b4 h4 51. Kxa7 h3 52. b5 h2 53. b6 h1=Q 54.
b7 Qg1+ 55. Ka8 Qg2 56. Ka7 Qg3 57. b8=Q Qxa3+ 58. Kb7 Qb3+ 59. Kc7 Qxb8+ 0-1